Map: 16-Bit LE

Players

MMA - Winner!

  • Race: Terran Terran
  • Spawn Location: 7:00

DeMusliM

  • Race: Terran Terran
  • League: Master
  • Spawn Location: 1:00

Event: HomeStory Cup XVII

VOD

Have the link to the VOD?

Description

Time

  • Played on: June 29, 2018, 9:45 a.m.
  • Length: 14:45

All games in this series

Show
View Real Time Build Order
Export as new Build Order

MMA Terran - Winner!

Build Orders: 1/1/1, Cyclone Opening, Bio Tank 

Get SALT Encoding   

  12  0:00  SCV  
  13  0:13  SCV  
  14  0:18  Supply Depot  
  14  0:25  SCV  
  15  0:29  Refinery  
  15  0:39  SCV  
  16  0:45  Barracks  
  16  0:51  SCV  
  16  0:55  Refinery  
  17  1:03  SCV  
  18  1:16  SCV  
  19  1:32  Orbital Command, Reaper  
  20  1:36  Factory  
  20  1:46  Supply Depot  
  20  1:57  SCV  
  21  2:04  Reaper  
  22  2:09  SCV  
  23  2:20  Cyclone  
  23  2:21  Starport  
  26  2:24  SCV  
  27  2:30  Supply Depot  
  27  2:36  SCV  
  28  2:40  Barracks Tech Lab  
  28  2:48  SCV  
  28  3:02  SCV  
  29  3:05  Cloaking Field  
  29  3:06  Banshee  
  32  3:14  SCV  
  32  3:16  Supply Depot  
  33  3:31  Command Center  
  33  3:35  Barracks Reactor, Factory Tech Lab  
  33  3:38  SCV  
  34  3:50  Banshee, SCV  
  37  3:58  Siege Tank  
  40  4:03  SCV  
  41  4:12  Marine x2  
  41  4:16  SCV  
  43  4:29  Command Center  
  43  4:37  SCV  
  46  4:45  Orbital Command  
  46  4:49  SCV  
  46  4:50  Starport Reactor  
  45  4:53  Stimpack  
  45  5:02  SCV  
  46  5:08  Barracks  
  46  5:09  Barracks  
  46  5:12  SCV  
  46  5:14  SCV  
  48  5:21  Engineering Bay x2  
  45  5:24  SCV  
  45  5:25  Marine  
  45  5:26  SCV  
  48  5:35  Starport Reactor, Siege Tank  
  51  5:37  SCV  
  51  5:38  SCV  
  53  5:43  Marine  
  53  5:44  Orbital Command  
  53  5:47  Terran Infantry Weapons Level 1  
  53  5:49  Terran Infantry Armor Level 1  
  54  5:50  SCV x2  
  56  5:58  Refinery  
  56  5:59  Refinery  
  56  6:02  SCV  
  56  6:03  SCV  
  58  6:05  Marine x4  
  58  6:06  Marine  
  58  6:10  Supply Depot  
  63  6:13  Medivac  
  63  6:14  Medivac  
  63  6:16  SCV  
  63  6:17  SCV  
  69  6:19  SCV  
  70  6:28  Supply Depot, SCV  
  70  6:30  SCV  
  70  6:31  SCV  
  73  6:33  Supply Depot  
  73  6:35  Marine x3  
  73  6:37  Marine x2  
  78  6:42  Siege Tank  
  78  6:44  SCV x2  
  78  6:45  SCV  
  84  6:49  Medivac  
  84  6:50  Medivac  
  88  6:57  Combat Shields  
  88  7:02  Refinery x2  
  88  7:03  SCV x3  
  88  7:08  Supply Depot x2  
  91  7:09  Armory  
  91  7:11  Marine x3  
  91  7:15  Marine  
  95  7:16  SCV x2  
  95  7:17  SCV  
  98  7:28  SCV x2  
  98  7:29  SCV  
  104  7:30  Siege Tank  
  104  7:31  Supply Depot x2  
  104  7:37  Marine x4  
  104  7:38  Marine  
  104  7:40  SCV x2  
  104  7:43  SCV  
  109  7:52  SCV  
  109  7:53  Medivac x2, SCV  
  109  7:55  SCV  
  112  7:58  Marine x4  
  112  7:59  Marine  
  112  8:02  Siege Tank  
  112  8:05  Terran Vehicle Weapons Level 1, SCV  
  118  8:07  Terran Infantry Weapons Level 2  
  118  8:09  Terran Infantry Armor Level 2  
  118  8:20  Marine x4, Barracks x2  
  118  8:21  Marine  
  118  8:25  Supply Depot  
  118  8:26  Supply Depot  
  123  8:27  Viking  
  123  8:30  Viking  
  123  8:32  SCV x2  
  129  8:35  SCV  
  129  8:37  Siege Tank  
  133  8:47  Marine x5  
  138  8:48  Supply Depot  
  138  8:49  Supply Depot  
  138  9:04  Marine x4, SCV x2  
  143  9:13  Marine  
  143  9:15  Barracks Reactor  
  143  9:16  Barracks Reactor  
  117  9:18  Viking x2  
  117  9:19  Siege Tank  
  117  9:22  Marine x2  
  121  9:26  Factory  
  120  9:33  Command Center  
  120  9:36  Marine x2  
  122  9:38  Barracks Reactor  
  122  9:40  Marine x2  
  124  9:47  Missile Turret  
  124  9:48  Viking x2  
  124  9:51  Sensor Tower, Siege Tank  
  124  9:52  Missile Turret  
  131  9:54  Marine  
  131  9:55  Marine x4  
  131  9:56  Marine  
  131  9:58  Marine x2  
  139  10:09  Barracks  
  139  10:10  Barracks  
  139  10:11  Siege Tank  
  139  10:12  Barracks  
  141  10:29  Marine x2  
  141  10:30  Marine x6  
  141  10:31  Marine  
  141  10:34  Siege Tank  
  153  10:40  Terran Infantry Weapons Level 3, Terran Infantry Armor Level 3  
  153  10:43  Siege Tank  
  153  10:47  Planetary Fortress  
  156  11:01  Marine x8  
  156  11:02  Barracks Reactor x3, Marine x2  
  165  11:09  Siege Tank  
  167  11:16  Siege Tank  
  170  11:22  Marine x8  
  170  11:23  Marine, Terran Vehicle Weapons Level 2  
  179  11:29  Starport x2, Supply Depot  
  179  11:30  Supply Depot  
  179  11:51  Siege Tank x2  
  179  11:53  Marine x10  
  195  11:57  Marine  
  196  12:05  Starport Tech Lab x2  
  196  12:06  Refinery  
  196  12:07  Refinery  
  196  12:09  Sensor Tower  
  196  12:17  Command Center  
  196  12:49  Command Center  
  196  12:50  Command Center  
  196  13:06  Marine x2  
  196  13:07  Marine x6  
  196  13:08  Marine x7  
  196  13:09  Marine  
  196  13:10  Siege Tank  
  196  13:11  Medivac, Raven  
  196  13:12  Medivac, Raven  
  194  13:22  Corvid Reactor  
  194  13:24  Marine x2  
  196  13:28  Marine x4  
  196  13:31  Hi-Sec Auto Tracking  
  200  13:43  Refinery  
  200  13:45  Refinery  
  200  13:48  Planetary Fortress  
  200  13:49  Marine  
  200  14:02  Orbital Command x2  
  196  14:18  Marine x8  
  196  14:19  Marine x8  
Show
View Real Time Build Order
Export as new Build Order

DeMusliM Terran 

Build Orders: Cyclone Opening, MMM Bio 

Get SALT Encoding   

  12  0:00  SCV  
  13  0:12  SCV  
  14  0:19  Supply Depot  
  14  0:24  SCV  
  15  0:29  Refinery  
  15  0:40  SCV  
  16  0:45  Barracks  
  16  0:52  SCV  
  16  0:56  Refinery  
  17  1:04  SCV  
  18  1:17  SCV  
  19  1:32  Factory  
  19  1:33  Orbital Command  
  19  1:37  Reaper  
  20  1:45  Supply Depot  
  20  1:58  SCV  
  21  2:09  Reaper  
  21  2:10  SCV  
  23  2:19  Cyclone  
  23  2:22  SCV  
  27  2:34  SCV  
  28  2:37  Command Center  
  27  2:47  SCV  
  28  2:55  Factory Tech Lab  
  28  2:57  Starport  
  27  2:59  SCV  
  27  3:05  Barracks Reactor  
  28  3:11  SCV  
  29  3:23  SCV  
  29  3:26  Factory Tech Lab  
  30  3:29  Supply Depot  
  30  3:35  SCV  
  31  3:49  SCV, Marine x2, Raven  
  31  3:51  Orbital Command  
  31  3:53  Cyclone  
  39  4:01  SCV  
  40  4:13  SCV  
  40  4:15  Marine x2  
  43  4:18  SCV  
  43  4:25  SCV  
  43  4:30  SCV  
  45  4:37  SCV  
  43  4:43  SCV  
  43  4:48  Command Center  
  43  4:50  SCV  
  43  4:51  Siege Tank  
  47  4:55  SCV  
  47  4:59  Starport Reactor, Barracks  
  48  5:00  Supply Depot, Barracks  
  48  5:01  Stimpack  
  48  5:02  SCV  
  49  5:07  SCV  
  49  5:11  Engineering Bay  
  49  5:14  SCV  
  51  5:19  SCV  
  51  5:20  Marine  
  53  5:24  Engineering Bay  
  53  5:26  SCV  
  54  5:31  SCV  
  54  5:34  Supply Depot  
  55  5:36  Refinery  
  55  5:38  Refinery, SCV  
  56  5:43  SCV  
  56  5:46  Terran Infantry Weapons Level 1  
  57  5:50  SCV  
  57  5:53  Starport Reactor  
  57  5:54  Terran Infantry Armor Level 1  
  57  5:55  SCV  
  59  5:57  Supply Depot  
  59  6:01  Orbital Command  
  59  6:03  Marine x2  
  61  6:05  SCV  
  61  6:06  Marine  
  61  6:09  Marine x2  
  65  6:12  SCV  
  65  6:17  SCV  
  65  6:18  Supply Depot  
  67  6:22  Siege Tank  
  67  6:25  SCV  
  71  6:27  Orbital Command  
  71  6:29  Supply Depot  
  71  6:30  Marine x3  
  71  6:31  Marine  
  71  6:32  Marine  
  76  6:36  Medivac  
  76  6:37  Medivac  
  80  6:40  SCV  
  81  6:47  SCV  
  81  6:50  Marine x4  
  81  6:52  SCV  
  81  6:53  SCV  
  88  6:57  Siege Tank  
  88  6:59  SCV  
  92  7:01  Marine  
  92  7:04  SCV  
  92  7:05  Missile Turret, SCV  
  92  7:07  Marine  
  96  7:09  Armory  
  96  7:12  SCV  
  97  7:16  Missile Turret, SCV  
  97  7:17  SCV  
  97  7:18  Medivac x2  
  97  7:20  Marine  
  97  7:21  Combat Shields  
  104  7:24  Supply Depot, SCV  
  104  7:28  Supply Depot, SCV  
  104  7:29  SCV  
  107  7:32  Marine x2  
  109  7:43  SCV, Marine, Barracks  
  109  7:44  Marine, Barracks  
  109  7:45  Marine  
  103  7:59  Marine x2  
  103  8:01  Marine  
  103  8:04  SCV  
  105  8:07  Terran Infantry Armor Level 2, Terran Infantry Weapons Level 2  
  105  8:15  SCV x2  
  105  8:16  Marine  
  108  8:20  SCV  
  108  8:23  Refinery  
  108  8:24  Refinery  
  109  8:27  Marine x2  
  109  8:30  Supply Depot  
  109  8:31  Supply Depot, Marine  
  109  8:32  Barracks Reactor  
  109  8:33  Barracks Reactor  
  112  8:35  Terran Vehicle Weapons Level 1  
  112  8:36  SCV x2  
  112  8:39  Missile Turret  
  114  8:46  Supply Depot  
  114  8:47  Marine x3  
  117  8:51  Medivac, Marine x2  
  117  8:52  Medivac, Siege Tank  
  125  9:05  Marine x3  
  102  9:18  Marine x2  
  102  9:19  Marine x4  
  102  9:21  Medivac  
  102  9:23  Marine x3  
  102  9:24  Siege Tank  
  113  9:28  Command Center  
  113  9:29  Medivac  
  115  9:34  Factory  
  115  9:36  Marine x6  
  121  9:41  Marine x3  
  121  9:42  Supply Depot  
  121  9:43  Supply Depot  
  124  9:48  SCV x3  
  127  9:54  Marine x4  
  127  9:55  Barracks  
  127  9:59  Marine, Barracks  
  132  10:00  Marine  
  132  10:01  Marine  
  132  10:06  Supply Depot  
  134  10:07  SCV  
  134  10:08  SCV  
  134  10:09  Marine x2  
  134  10:11  Siege Tank  
  134  10:12  Marine x3, Barracks  
  144  10:14  Marine  
  144  10:17  Marine  
  144  10:19  Marine x2  
  148  10:22  Factory Tech Lab  
  148  10:26  Supply Depot, Marine  
  148  10:27  Supply Depot x2  
  148  10:29  Marine, Missile Turret  
  148  10:30  Marine, Missile Turret  
  148  10:31  Terran Infantry Weapons Level 3  
  150  10:39  Marine x2  
  150  10:40  Terran Infantry Armor Level 3  
  152  10:44  Barracks Reactor  
  152  10:45  Marine x3  
  152  10:46  Siege Tank  
  157  10:51  Marine x2  
  157  10:53  Marine  
  159  10:57  Barracks Reactor  
  159  11:02  Marine  
  159  11:03  Marine  
  160  11:05  Marine x2  
  160  11:06  Barracks Reactor  
  162  11:15  Siege Tank  
  162  11:16  Medivac x2, Marine  
  162  11:17  Marine x2, Terran Vehicle Weapons Level 2  
  172  11:21  Planetary Fortress  
  172  11:23  Marine x2  
  172  11:24  Marine x2  
  176  11:30  Marine x4  
  176  11:31  Sensor Tower  
  180  11:34  Marine x2  
  180  11:37  Siege Tank  
  180  11:38  Marine x3  
  188  11:46  Marine x2  
  190  11:53  Medivac x2  
  190  11:54  Marine x2  
  190  12:02  Marine x8  
  198  12:14  Marine x2  
  200  12:21  Marine  
  200  12:24  Command Center  
  200  13:11  Marine  
  200  13:12  Marine x6  
  172  13:13  Siege Tank x2  
  172  13:15  Marine x4  
  172  13:18  Marine x4  
  172  13:19  Medivac  
  182  13:20  Medivac  
  184  13:29  Marine x4  
  184  13:30  Marine x3  
  184  13:33  Marine x3  
  194  13:38  Marine x5  
  199  13:58  Marine  
  199  14:08  Marine  
  200  14:17  Marine x6  
  195  14:21  Marine x5  
  195  14:23  Marine x3  
  148  14:26  Marine  
Tags
 
Add a new tag
Caveats
  • Supply blocks, unpowered buildings, or Contaminate may cause inaccurate times.
  • Supply counts are checked every 10 seconds.